 Dungeon Crawl Stone Soup version 0.31-a0-1598-g94871bc2e8 (webtiles) character file.

Game seed: 3876801519652365910

106995 MackTheKnife the Fighter (level 15, -3/138 HPs)
             Began as a Red Draconian Alchemist on Jan 7, 2024.
             Was the Champion of Kikubaaqudgha.
             Slain by Rupert
             ... wielding a +1 great sword of electrocution
              (20 damage)
             ... on level 15 of the Dungeon.
             The game lasted 00:51:19 (28644 turns).

MackTheKnife the Fighter (Red Draconian Alchemist) Turns: 28644, Time: 00:51:20

Health: -3/138     AC: 19    Str: 13    XL:     15   Next: 99%
Magic:  22/22      EV: 24    Int: 22    God:    Kikubaaqudgha [******]
Gold:   1340       SH:  9    Dex: 21    Spells: 11/24 levels left

rFire   + . .        a - +9 long sword (pain) {long}
rCold   . . .        Y - +2 buckler
rNeg    . . .        (body armour unavailable)
rPois   +            P - +0 hat of Failure {Slay+5}
rElec   .            O - +2 cloak {rPois}
rCorr   .            (no gloves)
SInv    .            c - +2 pair of boots
Will    +++..        M - amulet of Jagucwyv {Acrobat *Slow Will++ Str+2 Int+3}
Stlth   ++           m - +5 ring of evasion
HPRegen 0.43/turn    X - ring "Ciat" {AC+4 Int+3 Dex+3}
MPRegen 0.18/turn

%: slow self (1%), acrobat
@: maw-form, studying Fire Magic
A: devouring maw, breathe fire, AC +9, unfitting armour, fire resistance 1,
cold-blooded, fangs 1, hooves 1
a: Breathe Fire, Begin Untransformation, Renounce Religion, Unearth Wretches,
Torment


You were on level 15 of the Dungeon.
You worshipped Kikubaaqudgha.
Kikubaaqudgha was exalted by your worship.
You were a creature with a mouth for a stomach.
You visited 3 branches of the dungeon, and saw 22 of its levels.
You also visited: Sewer, Bailey and Ice Cave.

You collected 2704 gold pieces.
You spent 1364 gold pieces at shops.


Innate Abilities, Weirdness & Mutations

You are a creature with a mouth for a stomach.
Your midsection houses a second, enormous mouth.
You can breathe blasts of fire.
Your fiery red scales are hard. (AC +9)
You cannot fit into any form of body armour.
Your flesh is heat resistant. (rF+)
You are cold-blooded and may be slowed by cold attacks.
You have very sharp teeth.
You have large cloven feet.


   Skills:
 - Level 14.0 Fighting
 - Level 14.0 Long Blades
 + Level 10.6 Dodging
 - Level 2.0 Stealth
 - Level 9.0 Shields
 - Level 5.0 Spellcasting
 - Level 1.0 Conjurations
 - Level 8.0 Necromancy
 - Level 9.0 Alchemy
 - Level 6.0 Evocations
 - Level 10.0 Shapeshifting


You had 11 spell levels left.
You knew the following spells:

 Your Spells              Type           Power      Damage    Failure   Level
a - Sting                 Conj/Alch      100%       1d9       1%          1
b - Olgreb's Toxic Radia  Alch           45%        N/A       3%          4
c - Martyr's Knell        Necr/Summ      23%        N/A       24%         4
A - Animate Dead          Necr           40%        N/A       4%          4

Your spell library contained the following spells:

 Spells                   Type           Power      Damage    Failure   Level
 Kiss of Death            Conj/Necr      100%       2d13      1%          1
 Necrotise                Necr           100%       1d9       1%          1
 Sublimation of Blood     Necr           40%        N/A       1%          2
 Vampiric Draining        Necr           40%        2d8       1%          3
 Mercury Vapours          Alch/Air       50%        N/A       3%          2
 Dispel Undead            Necr           40%        3d16      4%          4
 Magic Dart               Conj           36%        1d4       9%          1
 Mephitic Cloud           Conj/Alch/Air  20%        N/A       10%         3
 Foxfire                  Conj/Fire      28%        2x1d5     11%         1
 Shock                    Conj/Air       28%        1d4       11%         1
 Slow                     Hex            20%        N/A       13%         1
 Curse of Agony           Necr           40%        N/A       13%         5
 Momentum Strike          Conj/Tloc      14%        3d8       16%         2
 Blink                    Tloc           10%        N/A       19%         2
 Call Imp                 Summ           10%        N/A       19%         2
 Ensorcelled Hibernation  Hex/Ice        10%        N/A       19%         2
 Lesser Beckoning         Tloc           10%        N/A       19%         2
 Leda's Liquefaction      Alch/Erth      12%        N/A       21%         4
 Petrify                  Alch/Erth      25%        N/A       21%         4
 Sticky Flame             Fire/Alch      25%        2d6       21%         4
 Call Canine Familiar     Summ           5%         N/A       36%         3
 Confusing Touch          Hex            5%         N/A       36%         3
 Frozen Ramparts          Ice            10%        1d2       36%         3
 Gell's Gravitas          Tloc           5%         N/A       36%         3
 Inner Flame              Hex/Fire       5%         N/A       36%         3
 Passwall                 Erth           5%         N/A       36%         3
 Sigil of Binding         Hex            5%         N/A       36%         3
 Summon Ice Beast         Ice/Summ       5%         N/A       36%         3
 Swiftness                Air            5%         N/A       36%         3
 Teleport Other           Tloc           5%         N/A       36%         3
 Tukima's Dance           Hex            5%         N/A       36%         3
 Irradiate                Conj/Alch      13%        3d16      41%         5
 Eringya's Noxious Bog    Alch           22%        4d6       43%         6
 Yara's Violent Unravell  Hex/Alch       12%        3d7       50%         5
 Borgnjor's Vile Clutch   Necr/Erth      11%        N/A       56%         5
 Flame Wave               Conj/Fire      7%         2d5       71%         4
 Iskenderun's Mystic Bla  Conj/Tloc      7%         2d4       71%         4
 Airstrike                Air            2%         2d(1-17)  77%         4
 Dimensional Bullseye     Hex/Tloc       2%         N/A       77%         4
 Passage of Golubria      Tloc           5%         N/A       77%         4
 Summon Blazeheart Golem  Fire/Summ      5%         N/A       77%         4
 Lee's Rapid Deconstruct  Erth           2%         3d5*      98%         5
 Metabolic Englaciation   Hex/Ice        2%         N/A       98%         5
 Summon Forest            Summ/Tloc      2%         N/A       98%         5
 Summon Mana Viper        Hex/Summ       5%         N/A       98%         5
 Bombard                  Conj/Erth      3%         9d1       100%        6
 Monstrous Menagerie      Summ           2%         N/A       100%        7
 Orb of Destruction       Conj           4%         9d5       100%        7
 Spellforged Servitor     Conj/Summ      3%         N/A       100%        7
 Summon Hydra             Summ           2%         N/A       100%        7
 Ignition                 Fire           2%         3d3       100%        8
 Chain Lightning          Conj/Air       3%         3d4       100%        9
 Fire Storm               Conj/Fire      3%         8d1       100%        9
 Shatter                  Erth           2%         3d6*      100%        9

Inventory:

Hand Weapons
 a - a +9 long sword of pain (weapon) {long}
   (You took it off an orc warrior on level 9 of the Dungeon)
Missiles
 D - 4 curare-tipped darts {=fthrowing}
Armour
 c - a +2 pair of boots (worn)
   (You found it on level 8 of the Dungeon)
 O - a +2 cloak of poison resistance (worn)
   (You bought it in a shop on level 2 of the Orcish Mines)
 P - the +0 hat of Failure (worn) {Slay+5}
   (You found it on level 10 of the Dungeon)

   Slay+5:    It affects your accuracy & damage with ranged weapons and melee
   (+5).
 V - a +1 hat of willpower
   (You took it off Gastronok on level 3 of the Lair of Beasts)
 W - a +1 pair of boots of stealth
   (You bought it in a shop on level 2 of the Orcish Mines)
 Y - a +2 buckler (worn)
   (You bought it in a shop on level 2 of the Orcish Mines)
Magical Staves
 p - a staff of air {staff}
   (You found it on level 3 of the Dungeon)
Jewellery
 m - a +5 ring of evasion (left hand)
   (You found it on level 13 of the Dungeon)
 C - a ring of protection from fire
   (You found it on level 9 of the Dungeon)
 E - a ring of see invisible
   (You found it on level 14 of the Dungeon)
 H - a +6 ring of strength
   (You took it off a centaur on level 9 of the Dungeon)
 J - a ring of willpower
   (You found it on level 5 of the Lair of Beasts)
 L - a ring of protection from cold
   (You took it off a goblin on level 10 of the Dungeon)
 M - the amulet of Jagucwyv (around neck) {Acrobat *Slow Will++ Str+2 Int+3}
   (You found it in an ice cave)

   [amulet of the acrobat]

   Acrobat:   It increases your evasion while moving and waiting.
   Str+2:     It affects your strength (+2).
   Int+3:     It affects your intelligence (+3).
   Will++:    It greatly increases your willpower.
   *Slow:     It may slow you when you take damage.
 X - the ring "Ciat" (right hand) {AC+4 Int+3 Dex+3}
   (You bought it in a shop on level 2 of the Orcish Mines)

   [ring of protection]

   AC+4:      It affects your AC (+4).
   Int+3:     It affects your intelligence (+3).
   Dex+3:     It affects your dexterity (+3).
Talismans
 K - a maw talisman (active)
   (You found it on level 10 of the Dungeon)
Wands
 j - a wand of polymorph (5)
   (You found it on level 12 of the Dungeon)
 o - a wand of roots (8)
   (You found it on level 3 of the Dungeon)
 y - a wand of paralysis (13)
   (You took it off a centaur on level 8 of the Dungeon)
 F - a wand of mindburst (17)
   (You found it on level 8 of the Dungeon)
 N - a wand of flame (10)
   (You took it off an orc on level 10 of the Dungeon)
Scrolls
 b - 4 scrolls of identify {@r1}
 d - 4 scrolls of fear
 e - 3 scrolls of brand weapon
 f - 5 scrolls of immolation {!r!r}
 h - 4 scrolls of revelation
 i - 3 scrolls of blinking {!r}
 q - 6 scrolls of amnesia
 t - 3 scrolls of silence {!r}
 z - a scroll of enchant weapon
 A - a scroll of poison {!r}
 Q - 3 scrolls of vulnerability {!r!r}
 R - 9 scrolls of teleportation {@r4}
Potions
 k - 4 potions of cancellation
 l - 7 potions of curing {@q1}
 n - 3 potions of brilliance
 r - 6 potions of might
 s - 6 potions of invisibility
 v - 5 potions of enlightenment
 w - 3 potions of magic
 x - 3 potions of mutation {!q}
 B - 2 potions of berserk rage {!q}
 I - 8 potions of heal wounds {@q2}
 S - 9 potions of ambrosia
 U - 3 potions of haste {@q3}
 Z - a potion of lignification {!q}
Miscellaneous
 g - a lightning rod (3/4)
   (You found it on level 8 of the Dungeon)
 u - a condenser vane
   (You found it on level 8 of the Dungeon)
 T - a phantom mirror (inert)
   (You found it on level 11 of the Dungeon)

Dungeon Overview and Level Annotations

Branches:
Dungeon (15/15) Zot: 26473  Temple (0/1) D:4            Lair (5/5) D:11 Zot: 22412
 Shoals (0/4) Lair:3       Spider (0/4) Lair:3        Slime (0/5) Lair:4
    Orc (2/2) D:11 Zot: 10188     Elf (0/3) Orc:2        Vaults (0/5) D:13
  Sewer (visited)          Bailey (visited)           IceCv (visited)
 Depths: D:15

Altars:
Dithmenos
Hepliaklqana
Kikubaaqudgha
Makhleb
Nemelex Xobeh
Okawaru
Qazlal
Trog
Vehumet
Wu Jian
Zin
Jiyva

Shops:
D:4 *   D:15 (   Orc:2 =[(*[=

Portals:
Hell: Lair:5

Annotations:
D:9 3 runed translucent doors, mopl's ghost, journeyman OpSh
D:15 Rupert
Lair:3 2 transporters, exclusion: ice statue, Ywuiraum's ghost, journeyman FoFi
Lair:4 exclusion: oklob plant

#........##..#
#######
#.####)#....##
###.####.###..#
.
#.....##)####Z#
. #.##..##).#
#Z# 8
#.##......# #.#
#...∩.....###.#
#....##..@ZZZZ#
###..##..W###.#
#..##...# #.# .
### #.......#
..# ...##.8#
######### ..#
..W..... ...#
......Z. ...#
###.#)## .....
########
........
.#####.


You could see Rupert (berserk, ally target), 2 friendly ogre zombies, a friendly
two-headed ogre zombie and a friendly ogre mage zombie.


Message History

The two-headed ogre closely misses you. x2
You hit the two-headed ogre. You tail-slap the two-headed ogre.
You bite the two-headed ogre.
Your bite misses the two-headed ogre. 😮 HP[+1] MP[+1]
You slice the two-headed ogre!!
You kill the two-headed ogre!
Kikubaaqudgha accepts your kill.
The dead are walking!
You slash the two-headed ogre!
The two-headed ogre writhes in agony.
Your bite misses the two-headed ogre. You hit the two-headed ogre.
You devour half of the two-headed ogre!
You feel better.
You kill the two-headed ogre!
Kikubaaqudgha accepts your kill.
Your two-headed ogre zombie hits the ogre! x2
The ogre dies!
Kikubaaqudgha accepts your kill.
The dead are walking!
Your lightning rod (3/4) has regained one charge. 😕 HP[+14]
You regained 14 hp, and now have 116/138 hp.
You slice the ogre!!
You devour half of the ogre!
You feel better.
You kill the ogre!
Kikubaaqudgha accepts your kill. 😕 HP[+8]
You regained 8 hp, and now have 124/138 hp.
Items here: )))))))))) [ †.
You swap places.
Found Vepsaz's Antique Weapon Emporium.
You see here a +0 giant club {mace}. 😕 HP[+1]
You swap places. 😕 MP[+1]
You start resting. 😎 HP[+13] MP[+5]
Your hp is fully restored (138).
You regained 5 mp, and now have 21/22 mp.
You now have 1340 gold pieces (gained 22).
Your reaping aura is weakening.
There is an entrance to Vepsaz's Antique Weapon Emporium here. 😎 MP[+1]
Your mp is fully restored (22).
Your reaping aura expires.
Key pressed, stopping explore.
Key pressed, stopping explore.
Rupert the Wild comes into view.
He is wielding a +1 great sword of electrocution.
Rupert roars madly and goes into a rage!
Rupert goes berserk!
Unknown command.
Unknown command.
Aiming: Phantom Mirror
Press: ? - help, Dir - move target, f - ogre zombie
Aim: an ogre zombie (friendly)
You reflect your ogre zombie with the mirror!
The mirror clouds!
Unknown command.
Rupert completely misses you.
Unknown command.
Unknown command.
You slash Rupert!
Rupert writhes in agony.
Your tail-slap misses Rupert.
You bite Rupert. Rupert completely misses you.
Unknown command.
You slash Rupert!
Rupert writhes in agony.
You bite Rupert, but do no damage. You bite Rupert!
Rupert completely misses you.
Your ogre zombie hits Rupert.
You catch the helpless Rupert completely off-guard!
You slash Rupert!
Your tail-slap misses Rupert.
Rupert hits you but does no damage.
You closely miss Rupert.
Rupert hits you with a +1 great sword of electrocution!! 😕 HP[-24]
You take 24 damage, and now have 114/138 hp.
You slice Rupert!! You bite Rupert. Rupert closely misses you.
Your ogre zombie misses Rupert. 😕 HP[+1]
You slice Rupert!! Rupert completely misses you.
You slice Rupert!!
Rupert writhes in agony.
Your tail-slap misses Rupert.
Your bite misses Rupert. You bite Rupert! Rupert closely misses you.
Your ogre zombie hits Rupert but does no damage.
You barely miss Rupert. You tail-slap Rupert.
Rupert hits you with a +1 great sword of electrocution!
You are electrocuted! 😮 HP[-27]
You take 27 damage, and now have 88/138 hp.
You slash Rupert!
Rupert writhes in agony!
You bite Rupert, but do no damage.
Rupert hits you with a +1 great sword of electrocution!!
* * * LOW HITPOINT WARNING * * *
Rupert hits you with a +1 great sword of electrocution!
* * * LOW HITPOINT WARNING * * *
You are electrocuted!
* * * LOW HITPOINT WARNING * * *
😨 HP[-48]
You take 48 damage, and now have 40/138 hp.
MASSIVE DAMAGE!! (PAUSE)
You slash Rupert!
Rupert writhes in agony!
Your bite misses Rupert.
Your ogre zombie completely misses Rupert.
Rupert hits you with a +1 great sword of electrocution!!
* * * LOW HITPOINT WARNING * * *
You are electrocuted!!
You die...
Rupert roars with triumph.
Kikubaaqudgha rasps: "You have failed me!
Welcome... death!"

Skill      XL: |  1  2  3  4  5  6  7  8  9 10 11 12 13 14 15 |
---------------+----------------------------------------------+-----
Stealth        | 2 |  2.0
Alchemy        | 4 5 6 8 9 |  9.0
Fighting       | 3 6 9 13 14 | 14.0
Dodging        | 4 6 10 | 10.6
Spellcasting   | 4 5 |  5.0
Evocations     | 2 6 |  6.0
Necromancy     | 8 |  8.0
Shapeshifting  | 1 10 | 10.0
Long Blades    | 10 14 | 14.0
Shields        | 5 9 |  9.0
Conjurations   | |  1.0

Action                     |  1- 3 |  4- 6 |  7- 9 | 10-12 | 13-15 || total
---------------------------+-------+-------+-------+-------+-------++-------
  Melee: Dagger            |    22 |       |       |       |       ||    22
         Falchion          |    14 |    89 |    45 |    99 |       ||   247
         Tailslap          |     2 |    12 |    20 |    80 |   204 ||   318
         Staff             |       |     7 |    98 |   136 |       ||   241
         Punch             |       |       |     1 |       |       ||     1
         Long sword        |       |       |       |    88 |   905 ||   993
         Maw               |       |       |       |       |   415 ||   415
         Bite              |       |       |       |       |    56 ||    56
   Cast: Sting             |    69 |   103 |    68 |     6 |     2 ||   248
         Olgreb's Toxic Ra |       |     2 |    38 |    86 |    40 ||   166
         Animate Dead      |       |       |       |     4 |    21 ||    25
         Martyr's Knell    |       |       |       |       |     1 ||     1
 Invoke: Brand Weapon With |       |       |       |     1 |       ||     1
         Unearth Wretches  |       |       |       |       |     4 ||     4
Ability: Breathe Fire      |       |       |    15 |    19 |     6 ||    40
  Evoke: Wand              |     1 |     1 |     7 |    13 |    26 ||    48
         Lightning rod     |       |       |       |     8 |    11 ||    19
         Phantom mirror    |       |       |       |     1 |     2 ||     3
         Condenser vane    |       |       |       |     1 |     1 ||     2
    Use: Scroll            |       |    13 |     4 |    15 |    12 ||    44
         Potion            |       |       |     2 |     3 |     7 ||    12
   Stab: Sleeping          |     1 |       |       |       |     1 ||     2
         Distracted        |       |       |     1 |     1 |     8 ||    10
         Paralysed         |       |       |       |       |    15 ||    15
 Armour: Skin              |    22 |    95 |   161 |   338 |   605 ||  1221
  Dodge: Dodged            |    42 |   106 |   121 |   379 |   698 ||  1346
  Block: Buckler           |       |       |       |       |   127 ||   127
   Form: Maw               |       |       |       |       |     1 ||     1

Levels and vault maps discovered:
D:1:      ncdulo_smallfort, layout_basic, minivault_26, minmay_box_of_dots
D:2:      minmay_chambers_of_ones, layout_basic
D:3:      layout_rooms, shapermc_ecumenical_altar_rom_forum,
          chequers_serial_rivers_room_b, corexii_shack
D:4:      layout_layer_cave, minmay_temple_entry_ruins, serial_shops, shop,
          mainiacjoe_sewer_entry_somewhere_in_here_2
D:5:      layout_loops_ring, minivault_27, minmay_lizard_king
D:6:      layout_rooms, fiery_altar_vehumet, nicolae_qazlal_scattered_showers,
          lemuel_round_altar
D:7:      layout_basic, mainiacjoe_overflow_swirl, lightli_orcish_oven
D:8:      minmay_the_grid_square_5x5_3x3 [minmay_the_grid_square_5x5_z,
          minmay_the_grid_square_5x5_one_wall,
          minmay_the_grid_square_5x5_three_walls,
          minmay_the_grid_square_5x5_intrusive_squares,
          minmay_the_grid_square_5x5_megaprize_open,
          minmay_the_grid_square_5x5_percent,
          minmay_the_grid_square_5x5_hourglass,
          minmay_the_grid_square_5x5_lines, minmay_the_grid_square_5x5_minibox],
          layout_loops_ring, jmf_multi_god_temple2, serial_ice, serial_ice_h,
          serial_ice_a, serial_ice_m, serial_ice_f, minmay_unpleasant_kobolds
D:9:      layout_roguey, zin_scriptorium, bloody_makhleb, gammafunk_ghost_split,
          lightli_fourway_metalbox
D:10:     layout_basic, trog_hazing_becter, enter_bailey_5,
          hangedman_minor_magic
D:11:     layout_small_grid, due_lair_maze_entry_diamond, special_room
          [special_room_bee], minmay_strange_pillars,
          hangedman_abyss_or_decor_stabs
D:12:     layout_long_grid, lemuel_nasty_fountain, uniq_erolcha, uniq_frances
D:13:     layout_long_grid, hangedman_vaults_entry_quadrant_bands
D:14:     layout_loops_ring, nicolae_dithmenos_shadow_blocks,
          nrook_pool_corridor
D:15:     hellmonk_depths_entry_around_the_bend, layout_rooms,
          old_standard_altar, serial_shops, nicolae_square_shop, uniq_rupert
Lair:1:   layout_layer_cave, roderic_batcave, grunt_megastairs_3,
          serial_bayou_shore_b
Lair:2:   layout_cave_shapes
Lair:3:   layout_loops_ring, elwin_shoals_entry_rocks, dummy_spider_entry,
          nzn_ghost_randoct, uniq_gastronok
Lair:4:   layout_concentric_octagons, minmay_slime_entry_oklob_open
Lair:5:   evil_forest, layout_small_grid, minmay_lindwurm_lava
Orc:1:    layout_caves, portal_ice_cave_demonic_guard
Orc:2:    grunt_orc_tribal_feast, layout_caves, serial_shops,
          nicolae_shop_rolling_square, shop,
          regret_index_minedec_shroomtown_chain

Notes
Turn   | Place    | Note
-------+----------+-------------------------------------------
     0 | D:1      | MackTheKnife the Draconian Alchemist began the quest for
                  | the Orb.
     0 | D:1      | Reached XP level 1. HP: 14/14 MP: 3/3
     0 | D:1      | magus.rc [v1.9.6]
   117 | D:1      | You pick up a book of Spatial Translocations and begin
                  | reading...
   117 | D:1      | You add the spells Blink, Momentum Strike and Lesser
                  | Beckoning to your library.
   133 | D:1      | Reached skill level 2 in Stealth
   357 | D:1      | Reached XP level 2. HP: 20/20 MP: 1/5
  1100 | D:2      | Reached skill level 4 in Alchemy
  1335 | D:2      | Reached XP level 3. HP: 26/26 MP: 3/6
  2173 | D:3      | Reached XP level 4. HP: 31/33 MP: 0/7
  2240 | D:3      | Learned a level 4 spell: Olgreb's Toxic Radiance
  2264 | D:3      | Reached skill level 5 in Alchemy
  2338 | D:3      | Found a faded altar of an unknown god.
  2347 | D:3      | Got Plato's Notes on Forces
  2348 | D:3      | Prayed at the altar of an unknown god.
  2348 | D:3      | Became a worshipper of Kikubaaqudgha
  2348 | D:3      | Reached * piety under Kikubaaqudgha
  2348 | D:3      | You add the spells Kiss of Death, Necrotise, Sublimation of
                  | Blood and Animate Dead to your library.
  2348 | D:3      | Received a gift from Kikubaaqudgha
  2717 | D:4      | Found a glowing drain.
  2731 | D:4      | Reached XP level 5. HP: 32/38 MP: 1/8
  2792 | Sewer    | Entered a sewer
  3072 | Sewer    | Reached skill level 6 in Alchemy
  3297 | Sewer    | Reached XP level 6. HP: 38/45 MP: 5/9
  3610 | D:4      | Found a staircase to the Ecumenical Temple.
  3627 | D:4      | Found Faaplogo's General Store.
  3645 | D:4      | Reached ** piety under Kikubaaqudgha
  3681 | D:4      | Bought 3 scrolls of identify for 66 gold pieces
  3681 | D:4      | Bought a scroll of identify for 22 gold pieces
  3684 | D:4      | Identified a scroll of acquirement
  3686 | D:4      | Acquired a staff of alchemy
  3808 | D:4      | Reached skill level 7 in Alchemy
  3923 | D:4      | You pick up a book of Annihilations and begin reading...
  3923 | D:4      | You add the spells Chain Lightning, Fire Storm and Shatter
                  | to your library.
  4729 | D:5      | Entered Level 5 of the Dungeon
  4838 | D:5      | Reached skill level 8 in Alchemy
  4838 | D:5      | Your scales start taking on a fiery red colour.
  4838 | D:5      | Reached XP level 7. HP: 39/50 MP: 2/10
  4838 | D:5      | Gained mutation: Your flesh is heat resistant. (rF+) [Red
                  | Draconian growth]
  5391 | D:5      | Reached skill level 9 in Alchemy
  5431 | D:5      | Reached skill level 1 in Fighting
  5613 | D:5      | Reached skill level 2 in Fighting
  5622 | D:5      | Reached skill level 3 in Fighting
  5748 | D:5      | Reached XP level 8. HP: 66/66 MP: 11/11
  5795 | D:5      | Reached *** piety under Kikubaaqudgha
  5795 | D:5      | You add the spells Dispel Undead, Martyr's Knell,
                  | Borgnjor's Vile Clutch and Curse of Agony to your library.
  5795 | D:5      | Received a gift from Kikubaaqudgha
  5796 | D:5      | Reached skill level 4 in Fighting
  6192 | D:6      | Found a stormy altar of Qazlal.
  6240 | D:6      | Reached skill level 5 in Fighting
  6377 | D:6      | Reached skill level 6 in Fighting
  6404 | D:6      | Reached skill level 2 in Dodging
  6653 | D:6      | Reached skill level 3 in Spellcasting
  6709 | D:6      | Reached skill level 3 in Dodging
  6813 | D:6      | Found a radiant altar of Vehumet.
  7002 | D:6      | Found an iron altar of Okawaru.
  7262 | D:7      | Reached skill level 4 in Dodging
  7262 | D:7      | Reached skill level 4 in Spellcasting
  7262 | D:7      | Reached XP level 9. HP: 75/75 MP: 9/15
  7350 | D:7      | Reached **** piety under Kikubaaqudgha
  7475 | D:7      | Found an ornate altar of the Wu Jian Council.
  7484 | D:7      | Found a shadowy altar of Dithmenos.
  7915 | D:7      | magus.rc [v1.9.6]
  8260 | D:8      | Reached skill level 5 in Spellcasting
  8265 | D:8      | Reached skill level 5 in Dodging
  8617 | D:8      | Reached skill level 6 in Dodging
  8756 | D:8      | Found a hazy altar of Hepliaklqana.
  8760 | D:8      | Found a sparkling altar of Nemelex Xobeh.
  8841 | D:8      | Noticed a cyclops
  8843 | D:8      | Noticed a centaur warrior
  8845 | D:8      | Noticed an unseen horror
  8845 | D:8      | Killed a cyclops
  8845 | D:8      | Noticed a manticore
  8846 | D:8      | Reached skill level 7 in Fighting
  8955 | D:8      | a basilisk changed into a rime drake
  8955 | D:8      | Noticed a rime drake (shapeshifter)
  8968 | D:8      | Killed a rime drake
  8969 | D:8      | Reached skill level 8 in Fighting
  9170 | D:8      | HP: 6/82 [centaur warrior/+1 heavy quarterstaff (18)]
  9176 | D:8      | Killed a centaur warrior
  9177 | D:8      | Reached skill level 9 in Fighting
  9177 | D:8      | Reached XP level 10. HP: 40/91 MP: 9/17
  9378 | D:8      | Noticed a meliai
  9395 | D:8      | Killed a meliai
  9396 | D:8      | Reached skill level 10 in Fighting
  9600 | D:8      | Noticed a gargoyle
  9603 | D:8      | Reached skill level 11 in Fighting
  9613 | D:8      | Killed a gargoyle
  9614 | D:8      | Noticed a centaur warrior
  9633 | D:8      | Reached skill level 12 in Fighting
  9641 | D:8      | Killed a centaur warrior
  9644 | D:8      | Killed a manticore
  9645 | D:8      | Reached skill level 13 in Fighting
  9889 | D:8      | Noticed a gargoyle
  9922 | D:8      | Reached ***** piety under Kikubaaqudgha
 10025 | D:8      | You pick up a book of Displacement and begin reading...
 10025 | D:8      | You add the spells Gell's Gravitas and Teleport Other to
                  | your library.
 10029 | D:8      | You pick up a book of Sloth and begin reading...
 10029 | D:8      | You add the spells Frozen Ramparts, Leda's Liquefaction,
                  | Petrify and Metabolic Englaciation to your library.
 10168 | D:7      | Reached skill level 1 in Evocations
 10233 | D:8      | Killed a gargoyle
 10234 | D:8      | Reached skill level 2 in Evocations
 10234 | D:8      | Reached XP level 11. HP: 107/107 MP: 18/18
 10313 | D:8      | Reached skill level 3 in Evocations
 10609 | D:9      | Noticed a two-headed ogre
 10610 | D:9      | Noticed mopl's ghost (journeyman OpSh)
 10610 | D:9      | Noticed a death knight
 10611 | D:9      | Noticed a centaur warrior
 10612 | D:9      | Found a runed translucent gate.
 10616 | D:9      | Found a runed translucent gate.
 10616 | D:9      | Found a runed translucent gate.
 10730 | D:9      | Reached skill level 4 in Evocations
 10945 | D:9      | Found a burning altar of Makhleb.
 10975 | D:9      | You pick up a book of Flames and begin reading...
 10975 | D:9      | You add the spells Inner Flame and Flame Wave to your
                  | library.
 11299 | D:9      | Found a glowing silver altar of Zin.
 11416 | D:9      | Reached skill level 5 in Evocations
 11432 | D:9      | Reached skill level 6 in Evocations
 11530 | D:9      | Reached skill level 1 in Necromancy
 11746 | D:10     | Entered Level 10 of the Dungeon
 11781 | D:10     | Reached skill level 2 in Necromancy
 11797 | D:10     | Found a flagged portal.
 11802 | D:10     | Noticed a two-headed ogre
 11806 | D:10     | Killed a two-headed ogre
 11807 | D:10     | Reached skill level 4 in Necromancy
 11817 | D:10     | You pick up a book of Weapons and begin reading...
 11817 | D:10     | You add the spells Tukima's Dance, Dimensional Bullseye and
                  | Iskenderun's Mystic Blast to your library.
 11897 | Bailey   | Entered a bailey
 12138 | Bailey   | Learned a level 4 spell: Animate Dead
 12227 | Bailey   | Noticed an orc knight
 12233 | Bailey   | Killed an orc knight
 12608 | D:10     | Reached skill level 5 in Necromancy
 12654 | D:10     | Noticed a deep elf pyromancer
 12663 | D:10     | Killed a deep elf pyromancer
 12722 | D:10     | Noticed a deep elf pyromancer
 12726 | D:10     | Killed a deep elf pyromancer
 12727 | D:10     | Reached skill level 6 in Necromancy
 12803 | D:10     | You pick up a book of Minor Magic and begin reading...
 12803 | D:10     | You add the spells Magic Dart and Call Imp to your library.
 12805 | D:10     | You pick up a book of Minor Magic and begin reading...
 12811 | D:10     | Identified the +0 hat of Failure {Slay+5}
 12994 | D:10     | Noticed a two-headed ogre
 12999 | D:10     | Killed a two-headed ogre
 13000 | D:10     | Reached skill level 7 in Necromancy
 13205 | D:10     | Found a bloodstained altar of Trog.
 13274 | D:11     | Noticed a boulder beetle
 13285 | D:11     | Killed a boulder beetle
 13286 | D:11     | Reached skill level 8 in Necromancy
 13365 | D:11     | Reached skill level 1 in Shapeshifting
 13390 | D:11     | Reached XP level 12. HP: 68/115 MP: 6/19
 13393 | D:11     | Reached skill level 2 in Shapeshifting
 13409 | D:11     | Reached skill level 3 in Shapeshifting
 13573 | D:11     | Found a staircase to the Orcish Mines.
 13595 | D:11     | Reached skill level 4 in Shapeshifting
 13750 | D:11     | Found a staircase to the Lair.
 13762 | D:11     | You pick up a book of Air and begin reading...
 13762 | D:11     | You add the spells Shock, Swiftness and Airstrike to your
                  | library.
 13872 | D:11     | Gained mutation: You have sharp toenails. [potion of
                  | mutation]
 13872 | D:11     | Gained mutation: You sometimes lose your temper in combat.
                  | [potion of mutation]
 13872 | D:11     | Gained mutation: Your system is resistant to poisons.
                  | (rPois) [potion of mutation]
 13990 | D:11     | Reached ****** piety under Kikubaaqudgha
 14120 | D:11     | You pick up a book of Debilitation and begin reading...
 14120 | D:11     | You add the spells Slow, Sigil of Binding, Vampiric
                  | Draining and Confusing Touch to your library.
 14283 | D:11     | Reached skill level 5 in Shapeshifting
 14539 | D:9      | Identified a +5 long sword of pain {long} (a +3 long sword
                  | {long} bloodied by Kikubaaqudgha)
 14539 | D:9      | Received a gift from Kikubaaqudgha
 14795 | Lair:1   | Entered Level 1 of the Lair of Beasts
 14833 | Lair:1   | Reached skill level 6 in Shapeshifting
 15209 | Lair:1   | Reached skill level 7 in Shapeshifting
 15756 | Lair:1   | Reached skill level 8 in Shapeshifting
 16692 | Lair:2   | You add the spells Summon Forest, Eringya's Noxious Bog and
                  | Summon Hydra to your library.
 16815 | Lair:2   | Reached skill level 9 in Shapeshifting
 17529 | Lair:3   | Noticed Gastronok
 17540 | Lair:3   | Killed Gastronok
 17541 | Lair:3   | Reached skill level 10 in Shapeshifting
 17541 | Lair:3   | Reached XP level 13. HP: 120/122 MP: 12/20
 17638 | Lair:3   | Reached skill level 1 in Long Blades
 17856 | Lair:3   | Noticed Ywuiraum's ghost (journeyman FoFi)
 17876 | Lair:3   | Reached skill level 2 in Long Blades
 17982 | Lair:3   | Found a staircase to the Shoals.
 18012 | Lair:3   | You pick up a book of the Hunter and begin reading...
 18015 | Lair:3   | You pick up a book of the Earth and begin reading...
 18015 | Lair:3   | You add the spells Lee's Rapid Deconstruction and Bombard
                  | to your library.
 18022 | Lair:3   | Found a hole to the Spider Nest.
 18099 | Lair:3   | Found a transporter.
 18421 | Lair:3   | Found a transporter.
 18620 | Lair:3   | magus.rc [v1.9.6]
 18734 | Lair:4   | Found a viscous altar of Jiyva.
 18734 | Lair:4   | Found a staircase to the Slime Pits.
 18766 | Lair:4   | Reached skill level 3 in Long Blades
 18861 | Lair:4   | Reached skill level 4 in Long Blades
 18880 | Lair:4   | Reached skill level 5 in Long Blades
 18957 | Lair:4   | Reached skill level 6 in Long Blades
 19220 | Lair:4   | Identified the +2 orcbow "Gewkumac" {heavy, rPois rCorr}
 19342 | Lair:4   | Reached skill level 7 in Long Blades
 19425 | Lair:4   | Reached skill level 8 in Long Blades
 19645 | Lair:5   | Entered Level 5 of the Lair of Beasts
 19812 | Lair:5   | Reached skill level 9 in Long Blades
 20227 | Lair:5   | Reached skill level 10 in Long Blades
 20396 | Lair:5   | You pick up a book of Displacement and begin reading...
 20442 | Lair:5   | Reached XP level 14. HP: 120/129 MP: 8/21
 20533 | Lair:5   | You pick up a book of Dangerous Friends and begin
                  | reading...
 20533 | Lair:5   | You add the spells Summon Blazeheart Golem, Orb of
                  | Destruction and Spellforged Servitor to your library.
 20643 | Lair:5   | Identified the +6 dagger of Xuozomu {flame, rPois}
 20731 | Lair:5   | Reached skill level 14 in Fighting
 20838 | Lair:5   | Reached skill level 11 in Long Blades
 20912 | Lair:5   | You pick up a book of Beasts and begin reading...
 20912 | Lair:5   | You add the spells Summon Ice Beast, Summon Mana Viper and
                  | Monstrous Menagerie to your library.
 20914 | Lair:5   | You pick up a book of Spontaneous Combustion and begin
                  | reading...
 20914 | Lair:5   | You add the spells Irradiate and Ignition to your library.
 21292 | Lair:5   | Reached skill level 12 in Long Blades
 21557 | Lair:5   | Found a burning altar of Makhleb.
 21736 | Lair:5   | HP: 30/132 [orange demon (6)]
 21740 | Lair:5   | HP: 13/132 [poisoned by an orange demon]
 22149 | Lair:5   | Found a gateway to Hell.
 22211 | Lair:5   | Reached skill level 13 in Long Blades
 22402 | Orc:1    | Entered Level 1 of the Orcish Mines
 22675 | Orc:1    | Found a frozen archway.
 22806 | IceCv    | Entered an ice cave
 22845 | IceCv    | Noticed a quicksilver ooze
 22855 | IceCv    | Killed a quicksilver ooze
 23110 | IceCv    | Identified a +2 crystal plate armour of cold resistance
 23111 | IceCv    | M - a +2 crystal plate armour of cold resistance {rare=g}
 23204 | IceCv    | Reached skill level 14 in Long Blades
 23323 | IceCv    | Reached skill level 1 in Shields
 23461 | IceCv    | Reached skill level 2 in Shields
 23642 | IceCv    | Found a viscous altar of Jiyva.
 23682 | IceCv    | Noticed an azure jelly
 23691 | IceCv    | Killed an azure jelly
 23692 | IceCv    | Reached skill level 3 in Shields
 23739 | IceCv    | Identified the +5 chain mail of the Monkey {Slay+3}
 23740 | IceCv    | Identified the amulet of Jagucwyv {Acrobat *Slow Will++
                  | Str+2 Int+3}
 23751 | IceCv    | You add the spells Passage of Golubria and Yara's Violent
                  | Unravelling to your library.
 24074 | Orc:2    | Entered Level 2 of the Orcish Mines
 24088 | Orc:2    | Learned a level 4 spell: Martyr's Knell
 24113 | Orc:2    | Found Boel's Jewellery Emporium.
 24175 | Orc:2    | Found Moup's Antique Armour Shoppe.
 24181 | Orc:2    | Bought a glowing cloak for 157 gold pieces
 24181 | Orc:2    | Bought a pair of embroidered boots for 157 gold pieces
 24256 | Orc:2    | Reached skill level 4 in Shields
 24466 | Orc:2    | Reached skill level 5 in Shields
 24555 | Orc:2    | Reached XP level 15. HP: 138/138 MP: 10/22
 24570 | Orc:2    | Reached skill level 6 in Shields
 24572 | Orc:2    | HP: 32/133 [red devil/+0 trident[an orc sorcerer] (13)]
 24858 | Orc:2    | Found a staircase to the Elven Halls.
 25083 | Orc:2    | Reached skill level 7 in Shields
 25108 | Orc:2    | Found Ginnuoq's Antique Armour Emporium.
 25108 | Orc:2    | Found Hyareq's Jewellery Shop.
 25113 | Orc:2    | Found Comnilatt's Weapon Emporium.
 25113 | Orc:2    | Found Zahilawif's General Store.
 25122 | Orc:2    | Bought a scroll of teleportation for 54 gold pieces
 25124 | Orc:2    | Bought the ring "Ciat" {AC+4 Int+3 Dex+3} for 611 gold
                  | pieces
 25128 | Orc:2    | Bought a +2 buckler for 297 gold pieces
 25370 | Orc:2    | Lost mutation: You sometimes lose your temper in combat.
                  | [potion of mutation]
 25370 | Orc:2    | Lost mutation: Your system is resistant to poisons. (rPois)
                  | [potion of mutation]
 25370 | Orc:2    | Gained mutation: You have supernaturally acute eyesight.
                  | (SInv) [potion of mutation]
 25370 | Orc:2    | Gained mutation: You occasionally lose the ability to drink
                  | potions when taking damage. [potion of mutation]
 25371 | Orc:2    | Lost mutation: You have supernaturally acute eyesight.
                  | (SInv) [potion of mutation]
 25371 | Orc:2    | Lost mutation: You have sharp toenails. [potion of
                  | mutation]
 25371 | Orc:2    | Lost mutation: You occasionally lose the ability to drink
                  | potions when taking damage. [potion of mutation]
 25371 | Orc:2    | Gained mutation: You have very sharp teeth. [potion of
                  | mutation]
 25371 | Orc:2    | Gained mutation: You have large cloven feet. [potion of
                  | mutation]
 25432 | D:12     | Noticed Erolcha
 25566 | D:12     | Killed Erolcha
 25635 | D:12     | Noticed Frances
 25647 | D:12     | Killed Frances
 25662 | D:12     | Reached skill level 8 in Shields
 25818 | D:12     | You pick up a book of Burglary and begin reading...
 25818 | D:12     | You add the spells Ensorcelled Hibernation and Passwall to
                  | your library.
 26556 | D:12     | magus.rc [v1.9.6]
 26669 | D:13     | Reached skill level 9 in Shields
 26885 | D:13     | Reached skill level 7 in Dodging
 26963 | D:13     | Found a gate to the Vaults.
 27254 | D:13     | Reached skill level 8 in Dodging
 27553 | D:14     | Found a shadowy altar of Dithmenos.
 28039 | D:14     | Reached skill level 9 in Dodging
 28104 | D:15     | Entered Level 15 of the Dungeon
 28328 | D:15     | Found a bloodstained altar of Trog.
 28348 | D:15     | Reached skill level 10 in Dodging
 28509 | D:15     | You pick up a book of Air and begin reading...
 28564 | D:15     | Found Vepsaz's Antique Weapon Emporium.
 28629 | D:15     | Noticed Rupert
 28644 | D:15     | HP: 17/138 [Rupert/+1 great sword of electrocution (23)]
 28644 | D:15     | Slain by Rupert

Vanquished Creatures
  Gastronok (Lair:3)
  Frances (D:12)
  An azure jelly (IceCv)
  A quicksilver ooze (IceCv)
  Erolcha (D:12)
  A rakshasa (D:13)
  2 ogre magi
  4 hydras
  13 two-headed ogres
  A catoblepas (D:14)
  7 centaur warriors
  6 death yaks
  3 boulder beetles
  A deep troll earth mage (D:15)
  4 orc high priests (Orc:2)
  An occultist (Lair:5)
  3 skysharks (Lair:5)
  A flayed ghost (D:15)
  A skeletal warrior (D:13)
  A lindwurm (shapeshifter) (D:15)
  3 deep elf pyromancers
  4 lindwurms (Lair:5)
  8 orc knights
  An oklob plant (Lair:5)
  A manticore (D:8)
  6 orc sorcerers
  A wolf spider (D:15)
  8 cyclopes
  8 ugly things
  19 elephants
  2 kobold blastminers (Orc:2)
  A meliai (D:8)
  2 ice statues (IceCv)
  4 black mambas
  A smoke demon (Lair:5)
  5 cane toads
  3 gargoyles
  3 torpor snails
  An orange demon (Lair:5)
  3 centaur skeletons (D:13)
  A rime drake (shapeshifter) (D:8)
  2 unseen horrors
  6 rime drakes
  4 ice devils
  7 komodo dragons
  2 efreet
  A queen bee (D:11)
  2 red devils (Lair:5)
  9 trolls
  A queen bee (shapeshifter) (D:15)
  13 blink frogs
  2 hornets
  4 dream sheep
  15 slime creatures
  A centaur simulacrum (D:15)
  2 shadows
  A wraith (D:12)
  2 wyverns
  28 yaks
  4 steam dragons
  6 wargs
  23 vampire mosquitoes
  A basilisk (Lair:1)
  4 hell hounds (Lair:5)
  11 water moccasins
  2 great orb of eyes simulacra (IceCv)
  18 orc warriors
  3 sky beasts
  3 ice beasts (D:8)
  3 laughing skulls
  A swamp drake (D:10)
  4 black bears
  5 boggarts
  9 ogres
  15 wolves (Lair:4)
  3 slime creature simulacra (IceCv)
  2 phantoms
  9 centaurs
  8 kobold brigands
  A brain worm (Sewer)
  A brain worm (shapeshifter) (D:15)
  A hell hound zombie (Lair:5)
  9 bullfrogs
  2 gnoll sergeants
  3 glowing shapeshifter simulacra (IceCv)
  11 wights
  A yak zombie (D:11)
  36 killer bees
  4 howler monkeys
  An electric eel (D:8)
  A crimson imp (D:10)
  A bullfrog zombie (D:11)
  4 hounds
  2 bombardier beetles
  11 orc priests
  An iron imp (D:10)
  4 sleepcaps
  4 iguanas
  27 orc wizards
  A boggart skeleton (D:13)
  3 shapeshifter simulacra (IceCv)
  An ogre zombie (Orc:2)
  26 gnolls
  8 adders
  3 river rats (Sewer)
  A shadow imp (D:10)
  8 white imps
  7 ufetubi
  3 dart slugs
  A ribbon worm (D:4)
  75 orcs
  16 bats
  9 endoplasms
  8 giant cockroaches
  10 goblins
  9 hobgoblins
  5 jackals
  6 quokkas
  15 ball pythons
  8 frilled lizards
  18 kobolds
  9 rats
750 creatures vanquished.

Vanquished Creatures (collateral kills)
  2 hydras (Lair:5)
  A sun demon (Lair:5)
  An elephant (Lair:4)
  5 slime creatures
  2 black mambas
  A cane toad (Lair:2)
  A komodo dragon (Lair:2)
  3 polar bears
  4 dream sheep (Lair:2)
  3 blink frogs
  A wyvern (Lair:1)
  4 yaks
  2 vampire mosquitoes
  An acid dragon (D:12)
  3 water moccasins
  2 black bears (D:11)
  An ogre (D:15)
  2 wolves (Lair:4)
  A slime creature simulacrum (IceCv)
  A bullfrog (Lair:2)
  A glowing shapeshifter simulacrum (IceCv)
  A vampire bat (Lair:1)
  5 orcs
48 creatures vanquished.

Vanquished Creatures (others)
  A two-headed ogre (D:12)
  A troll (Orc:2)
  3 slime creature zombies (IceCv)
  An acid dragon (D:12)
  A skyshark zombie (Lair:5)
  A dream sheep zombie (Lair:5)
  3 orc warriors
  3 ogres (Orc:2)
  2 water moccasin zombies
  A troll zombie (Orc:2)
  3 yak zombies
  2 wolf zombies (Lair:4)
  3 black bear zombies
  2 ogre zombies (Orc:2)
  4 orcs
  A hobgoblin (D:12)
  A hobgoblin zombie (D:12)
  13 orc zombies
46 creatures vanquished.

Grand Total: 844 creatures vanquished

Table legend:
 A = Non-vault XP
 B = Vault XP
 C = Vault XP percentage of total XP
 D = Non-vault monster count
 E = Vault monster count
 F = Vault count percentage of total count
                 A         B        C        D         E       F
            +---------+---------+-------+---------+---------+-------
      Total |   95034 |   57816 |  37.8 |     496 |     296 |  37.4
            +---------+---------+-------+---------+---------+-------
        D:1 |      25 |       3 |  10.7 |      14 |       2 |  12.5
        D:2 |      26 |      11 |  29.7 |      10 |       5 |  33.3
        D:3 |      65 |       0 |   0.0 |      20 |       0 |   0.0
        D:4 |     278 |      12 |   4.1 |      20 |       7 |  25.9
        D:5 |     978 |      42 |   4.1 |      28 |       7 |  20.0
        D:6 |     999 |       0 |   0.0 |      26 |       0 |   0.0
        D:7 |     535 |     221 |  29.2 |      10 |       6 |  37.5
        D:8 |    2207 |    6439 |  74.5 |      24 |      35 |  59.3
        D:9 |    2222 |     635 |  22.2 |      23 |       4 |  14.8
       D:10 |    3421 |    1449 |  29.8 |      10 |      25 |  71.4
       D:11 |    4404 |    3459 |  44.0 |      23 |      36 |  61.0
       D:12 |    6629 |    2324 |  26.0 |      34 |       2 |   5.6
       D:13 |    6875 |    6436 |  48.4 |      16 |      19 |  54.3
       D:14 |    6757 |       0 |   0.0 |      27 |       0 |   0.0
       D:15 |   11485 |    3017 |  20.8 |      21 |       6 |  22.2
     Lair:1 |    4268 |    1200 |  21.9 |      17 |      15 |  46.9
     Lair:2 |    4607 |       0 |   0.0 |      20 |       0 |   0.0
     Lair:3 |    1957 |    1549 |  44.2 |       9 |       1 |  10.0
     Lair:4 |   12706 |       0 |   0.0 |      43 |       0 |   0.0
     Lair:5 |   17183 |   13717 |  44.4 |      40 |      29 |  42.0
      Orc:1 |    3206 |     670 |  17.3 |      28 |       2 |   6.7
      Orc:2 |    3273 |    9397 |  74.2 |      30 |      30 |  50.0
      Sewer |       0 |     169 | 100.0 |       0 |      19 | 100.0
     Bailey |       0 |     778 | 100.0 |       0 |      21 | 100.0
      IceCv |     928 |    6288 |  87.1 |       3 |      25 |  89.3
            +---------+---------+-------+---------+---------+-------

Skill      XL: |  1  2  3  4  5  6  7  8  9 10 11 12 13 14 15 |
---------------+----------------------------------------------+-----
Stealth        | 2 |  2.0
Alchemy        | 4 5 6 8 9 |  9.0
Fighting       | 3 6 9 13 14 | 14.0
Dodging        | 4 6 10 | 10.6
Spellcasting   | 4 5 |  5.0
Evocations     | 2 6 |  6.0
Necromancy     | 8 |  8.0
Shapeshifting  | 1 10 | 10.0
Long Blades    | 10 14 | 14.0
Shields        | 5 9 |  9.0
Conjurations   | |  1.0

Action                     |  1- 3 |  4- 6 |  7- 9 | 10-12 | 13-15 || total
---------------------------+-------+-------+-------+-------+-------++-------
  Melee: Dagger            |    22 |       |       |       |       ||    22
         Falchion          |    14 |    89 |    45 |    99 |       ||   247
         Tailslap          |     2 |    12 |    20 |    80 |   204 ||   318
         Staff             |       |     7 |    98 |   136 |       ||   241
         Punch             |       |       |     1 |       |       ||     1
         Long sword        |       |       |       |    88 |   905 ||   993
         Maw               |       |       |       |       |   415 ||   415
         Bite              |       |       |       |       |    56 ||    56
   Cast: Sting             |    69 |   103 |    68 |     6 |     2 ||   248
         Olgreb's Toxic Ra |       |     2 |    38 |    86 |    40 ||   166
         Animate Dead      |       |       |       |     4 |    21 ||    25
         Martyr's Knell    |       |       |       |       |     1 ||     1
 Invoke: Brand Weapon With |       |       |       |     1 |       ||     1
         Unearth Wretches  |       |       |       |       |     4 ||     4
Ability: Breathe Fire      |       |       |    15 |    19 |     6 ||    40
  Evoke: Wand              |     1 |     1 |     7 |    13 |    26 ||    48
         Lightning rod     |       |       |       |     8 |    11 ||    19
         Phantom mirror    |       |       |       |     1 |     2 ||     3
         Condenser vane    |       |       |       |     1 |     1 ||     2
    Use: Scroll            |       |    13 |     4 |    15 |    12 ||    44
         Potion            |       |       |     2 |     3 |     7 ||    12
   Stab: Sleeping          |     1 |       |       |       |     1 ||     2
         Distracted        |       |       |     1 |     1 |     8 ||    10
         Paralysed         |       |       |       |       |    15 ||    15
 Armour: Skin              |    22 |    95 |   161 |   338 |   605 ||  1221
  Dodge: Dodged            |    42 |   106 |   121 |   379 |   698 ||  1346
  Block: Buckler           |       |       |       |       |   127 ||   127
   Form: Maw               |       |       |       |       |     1 ||     1

Illustrated notes

Table legend:
 A = Kills in this place as a percentage of kills in the entire game.
 B = Kills by you in this place as a percentage of kills by you in the entire game.
 C = Kills by friends in this place as a percentage of kills by friends in the entire game.
 D = Other kills in this place as a percentage of other kills in the entire game.
 E = Experience gained in this place as a percentage of experience gained in the entire game.
 F = Experience gained in this place divided by the number of levels of this place that you have seen.
                   A       B       C       D       E      F
               +-------+-------+-------+-------+-------+----------------------
         Total | 100.0 | 100.0 | 100.0 |   N/A | 100.0 | 6114.0
       Dungeon |  58.1 |  60.1 |  27.1 |   N/A |  46.4 | 4730.3
          Lair |  22.0 |  19.5 |  60.4 |   N/A |  37.4 | 11437.4
  Orcish Mines |  11.4 |  12.0 |   2.1 |   N/A |  10.8 | 8273.0
         Sewer |   2.4 |   2.6 |   0.0 |   N/A |   0.1 | 169.0
        Bailey |   2.7 |   2.7 |   2.1 |   N/A |   0.5 | 778.0
      Ice Cave |   3.5 |   3.2 |   8.3 |   N/A |   4.7 | 7216.0
               +-------+-------+-------+-------+-------+----------------------

Table legend: (Time is in decaauts)
 A = Elapsed time spent in this place.
 B = Non-inter-level travel time spent in this place.
 C = Inter-level travel time spent in this place.
 D = Time resting spent in this place.
 E = Time spent auto-exploring this place.
 F = Levels seen in this place.
 G = Mean time per level.
                   A        B        C        D        E       F      G
               +--------+--------+--------+--------+--------+-----+--------+
         Total |  29045 |  28214 |    831 |   5244 |  17526 |  25 | 1161.8 |
       Dungeon |  17004 |  16489 |    515 |   2709 |  10551 |  15 | 1133.6 |
          Lair |   7587 |   7318 |    269 |   1528 |   4609 |   5 | 1517.4 |
  Orcish Mines |   1812 |   1767 |     45 |    519 |    837 |   2 |  906.0 |
         Sewer |    954 |    954 |      0 |    168 |    629 |   1 |  954.0 |
        Bailey |    647 |    647 |      0 |     35 |    487 |   1 |  647.0 |
      Ice Cave |   1038 |   1038 |      0 |    283 |    413 |   1 | 1038.0 |
               +--------+--------+--------+--------+--------+-----+--------+

Top non-repeatable levels by time:
  Lair:5: 2566 daAuts
     D:8: 2010 daAuts
  Lair:1: 1725 daAuts
    D:11: 1721 daAuts
     D:4: 1521 daAuts
     D:5: 1477 daAuts
     D:7: 1473 daAuts
     D:9: 1453 daAuts
  Lair:4: 1209 daAuts
  Lair:3: 1162 daAuts
   IceCv: 1038 daAuts
    D:12: 1036 daAuts
   Orc:2: 1022 daAuts
     D:2: 1002 daAuts
   Sewer: 954 daAuts
